 Dungeon Crawl Stone Soup version 0.30-a0-121-gb27577e5d9 (webtiles) character file.

Game seed: 13295822471097222580

1527 freelancePsychic the Destroyer (level 8, -15/62 HPs)
             Began as a Barachi Artificer on Sept 15, 2022.
             Was an Initiate of Vehumet.
             Killed from afar by a steam dragon (24 damage)
             ... with a ball of steam
             ... on level 6 of the Dungeon.
             The game lasted 00:13:20 (9001 turns).

freelancePsychic the Destroyer (Barachi Artificer)  Turns: 9001, Time: 00:13:21

Health: -15/62     AC:  5    Str: 13    XL:     8   Next: 85%
Magic:  17/19      EV: 11    Int: 18    God:    Vehumet [......]
Gold:   233        SH:  0    Dex: 12    Spells: 3/9 levels left

rFire   . . .      SeeInvis .    A - +2 dagger (venom)
rCold   . . .      Faith    .    (no shield)
rNeg    . . .      Spirit   .    e - +2 robe {Will+}
rPois   .          Reflect  .    (no helmet)
rElec   .          Harm     .    (no cloak)
rCorr   .          Rampage  .    (no gloves)
Will    ++...                    k - +0 pair of boots
Stlth   ++........               (no amulet)
HPRegen 0.20/turn                l - ring of magical power
MPRegen 0.16/turn                t - ring of Pijabb {Will+ Int+3}

@: about to teleport, slow
A: amphibious, slowness 1, strong legs 1, +LOS
a: Hop, Renounce Religion


You were on level 6 of the Dungeon.
You worshipped Vehumet.
Vehumet was noncommittal.
You visited 2 branches of the dungeon, and saw 7 of its levels.

You collected 233 gold pieces.

Inventory:

Hand Weapons
 a - a +0 club
 h - a +0 dagger of speed
 A - a +2 dagger of venom (weapon)
Armour
 b - a +0 leather armour
 e - a +2 robe of willpower (worn)
 k - a +0 pair of boots (worn)
Magical Staves
 v - a staff of cold
Jewellery
 l - a ring of magical power (left hand)
 m - a ring of protection from cold
 t - the ring of Pijabb (right hand) {Will+ Int+3}
   (You found it on level 2 of the Dungeon)

   [ring of willpower]

   Int:       It affects your intelligence (+3).
   Will:      It increases your willpower.
 F - a +4 ring of evasion
 G - a ring of protection from cold
Wands
 c - a wand of flame (7)
 d - a wand of charming (14)
 E - a wand of light (4)
Scrolls
 i - a scroll of amnesia
 n - a scroll of vulnerability
 u - 3 scrolls of poison
 x - a scroll of fear
 y - a scroll of enchant armour {unknown}
 C - 2 scrolls of immolation
 D - a scroll of summoning {unknown}
 H - a scroll of enchant weapon {unknown}
 I - 2 scrolls of butterflies {unknown}
Potions
 f - a potion of lignification
 g - 3 potions of attraction
 j - 3 potions of curing {unknown}
 o - a potion of ambrosia {unknown}
 p - a potion of heal wounds {@q2}
 q - a potion of might {unknown}
 r - a potion of resistance {unknown}
 w - 3 potions of mutation {unknown}
 z - 3 potions of haste {unknown}
 B - a potion of flight {unknown}


   Skills:
 + Level 5.0 Fighting
 - Level 0.4 Maces & Flails
 - Level 2.4 Armour
 - Level 1.1 Dodging
 - Level 1.0 Stealth
 - Level 1.3 Spellcasting
 * Level 9.5 Conjurations
 + Level 4.1 Hexes
 - Level 3.2 Evocations


You had 3 spell levels left.
You knew the following spells:

 Your Spells              Type           Power      Damage    Failure   Level
a - Searing Ray           Conj           70%        2d7       1%          2
d - Fulminant Prism       Conj/Hex       12%        3d9       12%         4

Your spell library contained the following spells:

 Spells                   Type           Power      Damage    Failure   Level
 Magic Dart               Conj           100%       1d8       1%          1
 Ensorcelled Hibernation  Hex/Ice        16%        N/A       12%         2
 Beastly Appendage        Tmut           2%         N/A       19%         1
 Passwall                 Tmut/Erth      0%         N/A       28%         2
 Wereblood                Tmut           1%         N/A       28%         2
 Spider Form              Tmut/Pois      1%         N/A       50%         3
 Swiftness                Air            1%         N/A       50%         3


Dungeon Overview and Level Annotations

Branches:
Dungeon (6/15)             Temple (1/1) D:4

Altars:
Ashenzari
Dithmenos
Elyvilon
Fedhas
Gozag
Hepliaklqana
Kikubaaqudgha
Makhleb
Nemelex Xobeh
Okawaru
Qazlal
Trog
Vehumet
Wu Jian
Xom
Yredelemnul
Zin


Innate Abilities, Weirdness & Mutations

You are amphibious.
You cover ground slowly.
You can hop short distances.
You have an extended range of vision and can be seen from far away.


Message History

You hear some strange, mumbled words.
A magic dart appears from out of thin air!
The magic dart hits you.
* * * LOW HITPOINT WARNING * * *
Aiming: Bolt of Light
Press: ? - help, Shift-Dir - straight line, f - you That beam is likely to hit you.
Continue anyway? [Y]es or [N]o only, please.
That beam is likely to hit you.
Continue anyway?
Okay, then.
Unknown command.
Aiming: Bolt of Light
Press: ? - help, Shift-Dir - straight line The gnoll shouts!
Something hits you.
* * * LOW HITPOINT WARNING * * *
Aiming: Bolt of Light
Press: ? - help, Shift-Dir - straight line, f - gnoll
Aim: a gnoll, wielding a +6 halberd and quivering a throwing net (77% to hit)
The bolt of light hits something!
Vehumet accepts your kill.
Reactivating autopickup.
You feel a bit more experienced.
The bolt of light hits the gnoll!
The gnoll is almost dead.
The gnoll is blinded.
The gnoll throws a throwing net.
The throwing net misses you.
As you read the scroll of teleportation {@r4}, it crumbles to dust.
You feel strangely unstable.
The gnoll bouda barks out a call to the hunt!
The gnoll picks up the pace!
Your surroundings suddenly seem different.
An orc, a bullfrog, a steam dragon and an iguana come into view.
Found 8 stones and a smoking scale mail.
The orc shouts!
The iguana hisses angrily.
The steam dragon hisses angrily.
You hear a shout!
The bullfrog croaks.
As you read the scroll of teleportation {@r4}, it crumbles to dust.
You feel strangely unstable. The steam dragon breathes steam at you.
The ball of steam hits you!!
You die...

## +.#
#.... ..##
. #....
#..# ..[
#....
..###.....
#....
#...(......
#.#.. #@#
#. .'.. #D#
.. #..


Fo. . ##.. #.... #.#... ##l... #####.#.#g ...... .......... ####### ######..#.
##.)# ###.g You could see a steam dragon (catching breath), a bullfrog, an
iguana and an orc.

Vanquished Creatures
  Sigmund (D:2)
  A water moccasin (D:5)
  An orc warrior (D:6)
  An ice beast (D:4)
  An ogre (D:6)
  4 scorpions
  A necrophage (D:6)
  5 killer bees
  A jelly (D:6)
  2 hounds
  Natasha (twice) (D:3 D:2)
  2 iguanas
  2 orc wizards
  Robin (D:2)
  2 gnolls (D:6)
  6 adders
  A white imp (D:6)
  2 ufetubi (D:5)
  A worm (D:3)
  3 dart slugs
  20 orcs
  6 bats
  11 endoplasms
  4 giant cockroaches
  13 goblins
  8 hobgoblins
  6 jackals
  2 quokkas
  5 ball pythons
  6 frilled lizards
  12 kobolds
  4 rats
137 creatures vanquished.

Vanquished Creatures (others)
  A hobgoblin (D:3)
1 creature vanquished.

Grand Total: 138 creatures vanquished

Notes
Turn   | Place    | Note
-------+----------+-------------------------------------------
     0 | D:1      | freelancePsychic the Barachi Artificer began the quest for
                  | the Orb.
     0 | D:1      | Reached XP level 1. HP: 15/15 MP: 1/1
   105 | D:1      | Reached skill level 1 in Stealth
   480 | D:1      | Reached XP level 2. HP: 14/21 MP: 2/2
   764 | D:1      | Reached skill level 1 in Conjurations
   767 | D:1      | Learned a level 2 spell: Searing Ray
   907 | D:1      | Reached skill level 1 in Spellcasting
  1336 | D:1      | Reached XP level 3. HP: 20/26 MP: 3/5
  2122 | D:2      | Reached skill level 2 in Conjurations
  2163 | D:2      | You fall into a shaft and drop 2 floors!
  2193 | D:4      | Noticed a scorpion
  2197 | D:3      | Noticed Natasha
  2205 | D:3      | Killed Natasha
  2206 | D:3      | Reached skill level 3 in Conjurations
  2206 | D:3      | Reached XP level 4. HP: 26/32 MP: 6/6
  2476 | D:2      | HP: 1/32 [poisoned by an adder]
  2926 | D:2      | Noticed Sigmund
  3206 | D:2      | Noticed Robin
  3210 | D:2      | Killed Robin
  3211 | D:2      | Reached skill level 4 in Conjurations
  3328 | D:2      | Reached XP level 5. HP: 37/37 MP: 7/7
  3730 | D:2      | Killed Sigmund
  3731 | D:2      | Reached skill level 6 in Conjurations
  3731 | D:2      | Reached XP level 6. HP: 17/43 MP: 7/8
  4178 | D:2      | Identified the ring of Pijabb {Will+ Int+3}
  4349 | D:3      | Noticed Natasha
  4392 | D:2      | Killed Natasha
  4575 | D:3      | Reached skill level 7 in Conjurations
  4575 | D:3      | Reached XP level 7. HP: 24/48 MP: 9/9
  4740 | D:3      | Learned a level 4 spell: Fulminant Prism
  4958 | D:3      | Found a shadowy altar of Dithmenos.
  5015 | D:3      | Found a faded altar of an unknown god.
  5481 | D:4      | Reached skill level 1 in Hexes
  5802 | D:4      | Found a staircase to the Ecumenical Temple.
  5833 | Temple   | Entered the Ecumenical Temple
  5990 | Temple   | Became a worshipper of Vehumet
  6205 | D:4      | Found a blossoming altar of Fedhas.
  6647 | D:5      | Entered Level 5 of the Dungeon
  6723 | D:5      | Found an opulent altar of Gozag.
  6740 | D:5      | Reached skill level 8 in Conjurations
  6951 | D:5      | Reached XP level 8. HP: 13/58 MP: 10/10
  7551 | D:5      | Found a broken altar of Ashenzari.
  8154 | D:5      | Reached skill level 9 in Conjurations
  8994 | D:6      | Reached skill level 5 in Fighting
  9001 | D:6      | Killed from afar by a steam dragon

Illustrated notes

Levels and vault maps discovered:
D:1:      wander_arrival_abandoned_jail, layout_basic,
          ebering_dispersal_statue_hall
D:2:      minmay_thinvault, layout_loops_corners, uniq_sigmund, uniq_robin
D:3:      layout_loops_cross, grunt_dithmenos_smoke,
          hellmonk_ecumenical_altar_run_dry, uniq_natasha
D:4:      layout_basic, lemuel_coloured_pillars_altar,
          minmay_temple_entry_statues_fountains, glass_columns_c
D:5:      layout_basic, nicolae_ashenzari_panopticon, nicolae_gozag_seed_capital
D:6:      layout_basic
Temple:   nicolae_temple_ecumenical_triangle

Skill      XL: |  1  2  3  4  5  6  7  8 |
---------------+-------------------------+-----
Stealth        | 1 |  1.0
Conjurations   | 1 3 4 6 7 8 9 |  9.5
Spellcasting   | 1 |  1.3
Fighting       | 3 5 |  5.0
Hexes          | 2 4 |  4.1
Maces & Flails | |  0.4
Armour         | |  2.4
Dodging        | |  1.1
Evocations     | |  3.2

Action                   |  1- 3 |  4- 6 |  7- 9 || total
-------------------------+-------+-------+-------++-------
Melee: Dagger            |   164 |    80 |    43 ||   287
       Club              |    16 |       |       ||    16
       Punch             |     1 |     1 |     1 ||     3
       Short sword       |       |       |    30 ||    30
 Cast: Searing Ray       |       |    23 |    44 ||    67
 Abil: Hop               |       |     2 |       ||     2
Evoke: Wand              |     7 |     7 |     4 ||    18
  Use: Scroll            |     2 |     2 |     5 ||     9
       Potion            |       |     2 |     1 ||     3
 Stab: Sleeping          |     1 |       |       ||     1
Armor: Leather armour    |    53 |    15 |       ||    68
       Robe              |       |     7 |    48 ||    55
Dodge: Dodged            |    87 |    43 |    87 ||   217

Table legend: (Time is in decaauts)
 A = Elapsed time spent in this place.
 B = Non-inter-level travel time spent in this place.
 C = Inter-level travel time spent in this place.
 D = Time resting spent in this place.
 E = Time spent auto-exploring this place.
 F = Levels seen in this place.
 G = Mean time per level.
                   A        B        C        D        E       F      G
               +--------+--------+--------+--------+--------+-----+--------+
         Total |   9733 |   9484 |    249 |    436 |   7922 |   7 | 1390.4 |
       Dungeon |   9562 |   9319 |    243 |    436 |   7794 |   6 | 1593.7 |
        Temple |    170 |    165 |      5 |      0 |    128 |   1 |  170.0 |
               +--------+--------+--------+--------+--------+-----+--------+

Top non-repeatable levels by time:
     D:2: 2476 daAuts
     D:5: 2301 daAuts
     D:1: 2003 daAuts
     D:4: 1345 daAuts
     D:3: 1209 daAuts
     D:6: 227 daAuts
  Temple: 170 daAuts
